 Dungeon Crawl Stone Soup version 0.17.2-1-ge4368a0 (webtiles) character file.

244956 Goblin1989 the Black Belt (level 19, -11/193 HPs)
             Began as a Demonspawn Monk on Jan 5, 2018.
             Was an Initiate of Gozag.
             Mangled by a stone giant (48 damage)
             ... on level 4 of the Vaults on Jan 12, 2018.
             The game lasted 03:16:18 (44399 turns).

Goblin1989 the Black Belt (Demonspawn Monk)        Turns: 44399, Time: 03:16:19

Health: -11/193    AC: 28    Str: 13    XL:     19   Next: 16%
Magic:  0/26       EV: 20    Int: 25    God:    Gozag
Gold:   4052       SH: 13    Dex: 15    Spells: 2 memorised, 22 levels left

rFire  . . .     SeeInvis .       - Unarmed
rCold  + . .     Clarity  .     (armour currently unavailable)
rNeg   + . .     SustAt   .     j - +0 shield
rPois  ∞         Gourm    .     U - +0 helmet of Dithmenos's Esteem {MR+}
rElec  +         Spirit   +     k - +2 cloak of the Harp {rCorr Str-4 Int+5}
rCorr  +         Warding  .     (gloves currently unavailable)
rMut   .         Stasis   .     (boots currently unavailable)
MR     ++...                    g - amulet of resist corrosion
Stlth  ++........               c - ring of protection from cold {=R}
                                X - +5 ring of intelligence

@: statue-form, very slow, very resistant to hostile enchantments, unstealthy
A: claws 2, thin metallic scales 3, breathe flames 1, low mp 1, powered by death
2, screaming 2, magic shield, magic regeneration
a: End Transformation, Potion Petition, Call Merchant, Bribe Branch, Renounce
Religion, Breathe Fire
}: 1/15 runes: gossamer


You were on level 4 of the Vaults.
You worshipped Gozag.
Gozag was noncommittal.
You were full.
You were a stone statue.
You visited 6 branches of the dungeon, and saw 35 of its levels.
You also visited: Labyrinth, Sewer and Bailey.

You collected 15936 gold pieces.
You spent 8294 gold pieces at shops.
You paid 3590 gold pieces to Gozag.

Inventory:

Hand Weapons
 w - the +8 trident of the Octopus King {venom, rElec rPois MR+}
   (You found it in a labyrinth)

   It poisons the flesh of those it strikes.
   It insulates you from electricity.
   It protects you from poison.
   It affects your resistance to hostile enchantments.
Armour
 b - the +5 ring mail of Gehenna (melded) {*Contam Str+6 Int+8}
   (You bought it in a shop on level 8 of the Dungeon)

   It affects your strength (+6).
   It affects your intelligence (+8).
   It causes magical contamination when unequipped.
 j - a +0 shield (worn)
 k - the +2 cloak of the Harp (worn) {rCorr Str-4 Int+5}
   (You bought it in a shop on level 3 of the Vaults)

   It affects your strength (-4).
   It affects your intelligence (+5).
   It protects you from acid and corrosion.
 x - a +2 pair of boots of flying (melded)
 U - the +0 helmet of Dithmenos's Esteem (worn) {MR+}
   (You bought it in a shop on level 3 of the Vaults)

   It affects your resistance to hostile enchantments.
Jewellery
 c - a ring of protection from cold (right claw) {=R}
 g - an amulet of resist corrosion (around neck)
 m - a ring of protection from magic
 n - an amulet of clarity
 o - a ring of poison resistance
 s - a ring of see invisible
 t - a ring of teleportation
 J - a ring of fire
 L - a ring of positive energy
 X - a +5 ring of intelligence (left claw)
Wands
 d - a wand of disintegration (6)
 E - a wand of digging (13)
 G - a wand of teleportation (2) {@v3, !v}
 N - a wand of disintegration (22)
 O - a wand of digging (10)
 Y - a wand of digging (9)
Scrolls
 a - 7 scrolls of immolation
 e - 2 scrolls of enchant weapon
 i - a scroll of amnesia
 l - 11 scrolls of recharging
 r - 12 scrolls of remove curse {@r2}
 u - 3 scrolls of fog
 z - 5 scrolls of fear
 B - a scroll of blinking
 M - 4 scrolls of magic mapping
 R - 8 scrolls of identify {@r1}
 S - 3 scrolls of enchant armour
 T - 2 scrolls of teleportation {@r3, !r}
 V - a scroll of silence
 W - a scroll of summoning
Potions
 p - a potion of heal wounds {@q2, !q}
 q - 2 potions of cure mutation {!q}
 v - 6 potions of curing {@q1}
 A - a potion of invisibility
 C - 5 potions of agility
 D - a potion of lignification
 F - 6 potions of magic
 I - 2 potions of cancellation
 K - 4 potions of ambrosia
 P - 2 potions of berserk rage
 Q - 6 potions of flight
Miscellaneous
 f - a phantom mirror
 y - a box of beasts {used: 4}
 Z - a legendary deck of wonders {Dowsing}
Comestibles
 h - 17 meat rations {@e2}


   Skills:
 + Level 13.3 Fighting
   Level 2.2 Slings
 - Level 5.5 Armour
 + Level 13.1 Dodging
 - Level 1.7 Stealth
 * Level 13.7 Shields
 + Level 16.8 Unarmed Combat
 + Level 6.8 Spellcasting
 - Level 3.3 Charms
 - Level 3.0 Necromancy
 * Level 9.9 Transmutations
 * Level 10.1 Earth Magic


You had 22 spell levels left.
You knew the following spells:

 Your Spells              Type           Power        Failure   Level  Hunger
R - Regeneration          Chrm/Necr      ###.......   10%         3    None
Y - Statue Form           Trmt/Erth      ######...    21%         6    ######.


Dungeon Overview and Level Annotations

Branches:
Dungeon (15/15)            Temple (1/1) D:5            Lair (7/8) D:10
 Shoals (0/4) Lair:5       Spider (4/4) Lair:3        Slime (0/6) Lair:6
    Orc (4/4) D:11            Elf (0/3) Orc:4        Vaults (4/5) D:13
  Crypt (0/3) Vaults:2     Depths (0/5) D:15

Altars:
Cheibriados
Dithmenos
Elyvilon
Fedhas
Gozag
Kikubaaqudgha
Makhleb
Nemelex Xobeh
Okawaru
Ru
Sif Muna
Trog
Xom
Yredelemnul
Zin
The Shining One
Beogh
Jiyva

Shops:
D:5 }   D:8 *[(*   D:10 (   D:11 [??   D:12 (   D:15 :   Orc:3 }   Orc:4 [(*!
Vaults:2 =}*   Vaults:3 [[   Vaults:4 *?

Portals:
Trove: Vaults:4 (give +4 demon blade)

Annotations:
D:6 exclusion: door
D:10 Snorg
D:14 Nessos
Lair:4 WereVolvo's ghost, journeyman HOFi
Lair:6 exclusion: downstairs
Lair:7 exclusion: oklob plant
Vaults:2 exclusions: door and orange crystal statue
Vaults:4 Saint Roka


Innate Abilities, Weirdness & Mutations

You have very sharp fingernails.
(You are completely covered in thin metallic scales (AC +4, rElec).)
You regenerate health from kills.
When hurt, damage is shared between your health and your magic reserves.
You regenerate magic rapidly.
You can breathe flames.
Your magical capacity is low (-10% MP).
You sometimes yell uncontrollably at your foes.


Message History

A deep elf fighter opens the door.
The vault warden shouts!
The deep elf fighter shouts!
You regained 4 hp, and now have 156/193 hp.
You scratch the ironbrand convoker but do no damage.
The ironbrand convoker is severely wounded.
The ironbrand convoker hits you with a flail!
The stone giant hits you! The orc wizard closely misses you.
You block the ironbrand convoker's attack. x2
You take 14 damage, and have 142/193 hp.
You now have 19/26 mp.
You mangle the ironbrand convoker!!
You kill the ironbrand convoker!
The stone giant hits you!! You block the orc wizard's attack.
The deep elf fighter unwields a longbow.
The deep elf fighter wields a long sword of slicing.
The deep elf fighter barely misses you.
You take 28 damage, and have 114/193 hp.
You now have 15/26 mp.
You are too injured to fight recklessly!
Unknown command.
Unknown command.
You are too injured to fight recklessly!
Unknown command.
You are too injured to fight recklessly!
Unknown command.
You are too injured to fight recklessly!
Unknown command.
You are too injured to fight recklessly!
Unknown command.
You are too injured to fight recklessly!
Unknown command.
You mangle the ironbrand convoker!!
The ironbrand convoker is heavily wounded.
You block the ironbrand convoker's attack.
The ironbrand convoker misses you. The stone giant closely misses you.
The orc wizard completely misses you.
You regained 4 hp, and now have 118/193 hp.
Unknown command.
You mangle the ironbrand convoker!!
You kill the ironbrand convoker!
The deep elf fighter misses you. You block the stone giant's attack.
The ironbrand convoker barely misses you.
The orc wizard barely misses you.
You regained 4 hp, and now have 122/193 hp.
Unknown command.
You closely miss the deep elf fighter.
The vault warden is no longer distracted by gold.
You block the deep elf fighter's attack.
The stone giant closely misses you. The ironbrand convoker misses you.
You regained 5 hp, and now have 127/193 hp.
You eviscerate the deep elf fighter!!!
You kill the deep elf fighter!
The stone giant hits you!! You block the vault warden's attack.
The ironbrand convoker hits you with a great mace!
You take 26 damage, and have 101/193 hp.
You now have 13/26 mp.
You claw the ironbrand convoker!
The ironbrand convoker is lightly wounded.
You block the stone giant's attack.
You regained 5 hp, and now have 106/193 hp.
The vault warden blocks your attack. You block the vault warden's attack.
The stone giant closely misses you.
The ironbrand convoker is distracted by the nearby gold.
The orc wizard closely misses you.
The ironbrand convoker shouts!
You regained 4 hp, and now have 110/193 hp.
The vault warden blocks your attack. The stone giant hits you!!!
* * * LOW HITPOINT WARNING * * *
The vault warden activates a sealing rune.
A door slams shut!
The orc wizard completely misses you.
The stone giant is distracted by the nearby gold.
You take 40 damage, and have 70/193 hp.
O_OOPS!!
MASSIVE DAMAGE!!
You now have 8/26 mp.
The stone giant shouts!
You scratch the vault warden.
The vault warden is lightly wounded.
The vault warden activates a sealing rune.
The vault warden barely misses you. You block the orc wizard's attack.
You regained 4 hp, and now have 74/193 hp.
Unknown command.
You claw the stone giant!
The stone giant is no longer distracted by gold.
The stone giant is lightly wounded.
You block the orc wizard's attack.
The vault warden activates a sealing rune. x2
The stone giant hits you!!
* * * LOW HITPOINT WARNING * * *
You take 27 damage, and have 47/193 hp.
You now have 6/26 mp.
You scratch the ironbrand convoker.
The ironbrand convoker is no longer distracted by gold.
The ironbrand convoker is moderately wounded.
The ironbrand convoker no longer looks unusually strong.
The ironbrand convoker begins to recite a word of recall!
You block the orc wizard's attack.
The vault warden activates a sealing rune.
The vault warden hits you with a long sword of electrocution!
* * * LOW HITPOINT WARNING * * *
The stone giant hits you!!!
You die...
Your body crumbles into a pile of gold.

..................█
...................█
....................█
.....................█
......................█
......................█ ███
.......................█
..█............opC.........█
..█............$8p.........█
..█............██▲███████..█
..█...........(█∩.......█..█
..█............█∩.......█..█
..█.....e...*.p█........█..█
..█.........$..█........█..█
..█............█........∆..█
..█............█........█..█
███.......§....██████████..█


You could see a stone giant, a vault warden, an ironbrand convoker and an orc
wizard.

Vanquished Creatures
  Sojobo (Vaults:4)
  Frederick (Vaults:3)
  Norris (Spider:2)
  Arachne (Spider:4)
  The ghost of WereVolvo the Cryomancer, an adept DEIE of Vehumet (Vaults:4)
  Rupert (Lair:3)
  A tentacled monstrosity (Vaults:3)
  Asterion (Vaults:1)
  3 sphinxes
  Frances (Spider:1)
  A tengu reaver (Vaults:4)
  A storm dragon (Vaults:3)
  Kirke (D:12)
  Wiglaf (Vaults:4)
  An orc warlord (Orc:4)
  3 ghost moths (Spider:4)
  7 vault wardens
  A fire giant (Vaults:3)
  3 emperor scorpions (Spider:4)
  8 ironheart preservers
  A war gargoyle (Vaults:3)
  4 stone giants
  A deep elf demonologist (Vaults:1)
  An ettin (Vaults:3)
  A minotaur (Lab)
  4 yaktaur captains
  3 fire dragons
  3 vault guards (Vaults:1)
  Josephine (D:12)
  3 ice dragons
  6 great orbs of eyes
  Fannar (Orc:1)
  A rakshasa (Vaults:2)
  A hydra (Lair:6)
  An entropy weaver (Spider:3)
  9 centaur warriors
  9 ogre magi
  A tengu warrior (D:15)
  A deep troll earth mage (Vaults:1)
  An orc high priest (Orc:4)
  4 deep elf knights
  3 fire crabs
  Nergalle (Orc:3)
  9 skeletal warriors
  2 fire crabs (shapeshifter)
  A flayed ghost (Vaults:3)
  A quicksilver dragon simulacrum (Vaults:2)
  12 harpies
  2 griffons (Vaults:2)
  6 hill giants
  4 deep trolls
  Pikel (D:7)
  14 orc knights
  A wizard (Vaults:3)
  13 ironbrand convokers
  A giant orange brain (Vaults:1)
  A deep elf conjurer (Vaults:1)
  3 necromancers
  24 wolf spiders
  10 orb spiders
  2 tengu skeletons (Vaults:4)
  A moth of wrath (shapeshifter) (Vaults:3)
  A faun (shapeshifter) (Vaults:3)
  A shining eye (shapeshifter) (Vaults:3)
  18 ugly things
  A guardian serpent (shapeshifter) (D:14)
  7 hornets
  6 orc sorcerers
  2 cyclopes (Vaults:2)
  A moth of wrath (Spider:1)
  2 stone giant skeletons (Vaults:2)
  2 frost giant skeletons (Vaults:2)
  9 human skeletons
  Maurice (D:8)
  22 elephants (Lair:6)
  12 centaur zombies
  2 torpor snails
  4 black mambas
  2 spiny frogs (shapeshifter)
  A gargoyle (D:15)
  12 vault sentinels
  17 yaktaurs
  20 demonic crawlers
  8 spiny frogs
  8 trolls
  13 komodo dragons
  A fire drake (Lair:3)
  A harpy zombie (D:15)
  A queen bee (Lair:3)
  A deep elf priest (Vaults:4)
  31 jumping spiders
  3 freezing wraiths
  3 yaktaur skeletons (Vaults:2)
  Grinder (D:4)
  A polar bear (Lair:6)
  A merfolk (D:12)
  Prince Ribbit (D:8)
  15 two-headed ogres
  23 slime creatures
  A trapdoor spider zombie (D:13)
  8 blink frogs
  3 boulder beetles
  12 tarantellas
  A trapdoor spider (shapeshifter) (Vaults:4)
  A vampire (D:15)
  4 shadows
  4 wyverns
  An ettin skeleton (Vaults:1)
  26 redbacks
  A tarantella (shapeshifter) (Vaults:1)
  4 deep elf magi
  33 yaks
  A fire bat (shapeshifter) (Vaults:3)
  2 flying skulls (D:13)
  21 trapdoor spiders
  30 vampire mosquitoes
  3 hogs (D:12)
  A hippogriff (shapeshifter) (Vaults:2)
  3 basilisks
  Grum (D:9)
  3 wraiths (D:12)
  8 wolves
  2 human simulacra (Vaults:1)
  6 hippogriffs
  3 hungry ghosts
  5 mottled dragons
  4 wargs
  9 water moccasins
  4 deep elf fighters
  9 porcupines
  59 orc warriors
  5 wasps (Spider:4)
  2 sky beasts
  An ettin simulacrum (Vaults:2)
  A human zombie (Vaults:4)
  6 necrophages (D:13)
  12 spiders
  44 ogres
  An eye of draining (D:11)
  2 slaves (D:7)
  10 ice beasts
  14 crocodiles
  2 big kobolds
  34 centaurs
  21 giant frogs
  2 brain worms
  A wyvern zombie (D:9)
  3 scorpions
  2 wyvern skeletons (D:13)
  21 killer bees
  8 wights
  2 electric eels
  A wyvern simulacrum (D:14)
  4 giant frog zombies
  2 crimson imps
  7 iguanas
  51 orc priests
  3 quasits
  6 giant frog skeletons
  4 hounds
  3 jellies
  4 centaur skeletons
  34 orc wizards
  4 sheep (Lair:4)
  9 worker ants
  2 elf simulacra
  2 boulder beetle simulacra
  A gnoll (Bailey)
  19 adders
  6 shadow imps
  65 river rats
  6 oozes
  2 adder skeletons
  5 worms
  7 giant geckos
  209 orcs
  7 hobgoblins
  5 jackals
  12 ball pythons (Sewer)
  9 bats
  8 giant cockroaches
  6 giant newts
  11 goblins
  22 kobolds
  6 quokkas
  A quokka skeleton (D:9)
  26 rats
1499 creatures vanquished.

Vanquished Creatures (collateral kills)
  2 killer bees (Lair:3)
2 creatures vanquished.

Vanquished Creatures (others)
  A tengu reaver (Vaults:4)
  The ghost of WereVolvo the Zephyrmancer, a journeyman HEAE of Vehumet (Lair:4)
  3 ball lightnings (Lair:4)
  A deep elf mage (Vaults:4)
  2 humans
  A slave (D:7)
  A phantom (D:12)
  A centaur skeleton (D:7)
  An iguana (D:12)
  A rat (D:1)
  55 fungi
  18 plants
86 creatures vanquished.

Grand Total: 1587 creatures vanquished

Notes
Turn   | Place    | Note
--------------------------------------------------------------
     0 | D:1      | Goblin1989 the Demonspawn Monk began the quest for the Orb.
     0 | D:1      | Reached XP level 1. HP: 18/18 MP: 1/1
   103 | D:1      | Gained mutation: When hurt, damage is shared between your health and your magic reserves. [demonic ancestry]
   103 | D:1      | Reached XP level 2. HP: 20/24 MP: 2/2
   587 | D:2      | Reached skill level 4 in Fighting
   710 | D:2      | Gained mutation: You have sharp fingernails. [demonic ancestry]
   710 | D:2      | Reached XP level 3. HP: 24/30 MP: 3/3
  1024 | D:2      | Found a glowing silver altar of Zin.
  1024 | D:2      | Found an iron altar of Okawaru.
  1024 | D:2      | Found a shimmering altar of Xom.
  1103 | D:2      | Goblin1989: выиграл?
  1117 | D:2      | Gained mutation: You regenerate a little health from kills. [demonic ancestry]
  1117 | D:2      | Reached XP level 4. HP: 27/37 MP: 4/4
  1173 | D:2      | theanonym: Да
  1205 | D:2      | theanonym: !lg .
  1205 | D:2      | beem: 532. theanonym the God of Death (L27 DgNe), escaped with the Orb and 5 runes on 2018-01-05 10:29:25, with 2513303 points after 107493 turns and 7:47:08.
  1205 | D:2      | theanonym: Титл крутой
  1235 | D:3      | Goblin1989: возможно
  2098 | D:4      | Wingboner: Регенерат.
  2117 | D:4      | Goblin1989: и когти
  2117 | D:4      | Goblin1989: и спирит
  2341 | D:4      | Noticed a giant frog
  2381 | D:4      | Noticed Grinder
  2387 | D:4      | theanonym: Надо команду делат
  2388 | D:4      | theanonym: ь
  2391 | D:4      | Goblin1989: лол, я в турнирах не учавствую
  2391 | D:4      | Goblin1989: я только в 0.17 играть умею нормально более-менее
  2391 | D:4      | Goblin1989: казуал вон, у него сейчас и работы вроде как нету
  2391 | D:4      | Gained mutation: You can breathe flames. [potion of mutation]
  2391 | D:4      | Gained mutation: You occasionally shout uncontrollably at your foes. [potion of mutation]
  2391 | D:4      | Gained mutation: You sometimes yell uncontrollably at your foes. [potion of mutation]
  2427 | D:5      | Entered Level 5 of the Dungeon
  2487 | D:5      | Noticed a big kobold
  2488 | D:5      | theanonym: Я из одного человека сделаю если никто больше не будет
  2504 | D:5      | Killed a big kobold
  2504 | D:5      | Reached skill level 5 in Unarmed Combat
  2504 | D:5      | Reached XP level 5. HP: 39/42 MP: 3/5
  2523 | D:5      | Goblin1989: а намир давно не играет?
  2558 | D:5      | Found a blossoming altar of Fedhas.
  2662 | D:5      | theanonym: Кажется даже в декабре его не было
  2682 | D:5      | Goblin1989: ну оозифури пригласи, он вроде ничего так играет
  2682 | D:5      | theanonym: The tournament starts on Jan 5, 2018 at 20:00 UTC and ends on Jan 21, 2018 at 20:00
  2682 | D:5      | Goblin1989: судя по винрейту
  2682 | D:5      | Goblin1989: wvc тоже наш
  2689 | D:5      | Found a glowing drain.
  2701 | Sewer    | Entered a sewer
  2765 | Sewer    | theanonym: Participants in the tournament may form clans of six or fewer players
  2805 | Sewer    | theanonym: Странно, вроде в видел в старых команды по 1-3 человека
  2808 | Sewer    | Reached skill level 6 in Unarmed Combat
  2819 | Sewer    | theanonym: 6 точно не наберётся
  2819 | Sewer    | Gained mutation: You have very sharp fingernails. [demonic ancestry]
  2819 | Sewer    | Reached XP level 6. HP: 48/48 MP: 6/6
  2820 | Sewer    | theanonym: Или
  2820 | Sewer    | theanonym: А, прочитал неправильно
  2820 | Sewer    | Goblin1989: нет, 5 можно было
  2849 | Sewer    | theanonym: Прочитал 6 или больше
  3122 | Sewer    | Reached skill level 7 in Unarmed Combat
  3122 | Sewer    | Gained mutation: You regenerate magic rapidly. [demonic ancestry]
  3122 | Sewer    | Reached XP level 7. HP: 40/54 MP: 2/7
  3197 | D:5      | Found Quhe's Gadget Shoppe.
  3268 | D:5      | Found a staircase to the Ecumenical Temple.
  3280 | Temple   | Entered the Ecumenical Temple
  3321 | Temple   | Became a worshipper of Gozag Ym Sagoz the Greedy
  3799 | D:5      | Found a blossoming altar of Fedhas.
  4009 | D:5      | Found a staircase to the Ecumenical Temple.
  4030 | D:5      | Found Quhe's Gadget Shoppe.
  4321 | D:6      | Reached skill level 8 in Unarmed Combat
  4341 | D:6      | Found a basalt altar of Yredelemnul.
  4398 | D:6      | Reached XP level 8. HP: 43/60 MP: 4/8
  4415 | D:6      | Reached skill level 9 in Unarmed Combat
  4459 | D:6      | Found a deep blue altar of Sif Muna.
  4461 | D:6      | Found a burning altar of Makhleb.
  4474 | D:6      | Found a sacrificial altar of Ru.
  4475 | D:6      | Found a glowing golden altar of the Shining One.
  4477 | D:6      | Found a snail-covered altar of Cheibriados.
  4478 | D:6      | Found a white marble altar of Elyvilon.
  4942 | D:7      | Reached skill level 1 in Armour
  5253 | D:7      | Reached skill level 5 in Fighting
  6209 | D:7      | Goblin1989: не понял!
  6209 | D:7      | theanonym: Что
  6209 | D:7      | Goblin1989: смотри, мне гозаг один труп подарил
  6209 | D:7      | theanonym: Старые баги
  6209 | D:7      | Goblin1989: я если чесно в легком шоке
  6209 | D:7      | Goblin1989: ни разу такого не было
  6209 | D:7      | Goblin1989: ну ладно, поедим на халяву
  6228 | D:7      | Noticed Pikel
  6275 | D:7      | Killed Pikel
  6275 | D:7      | Reached skill level 1 in Shields
  6275 | D:7      | Reached skill level 10 in Unarmed Combat
  6275 | D:7      | Reached XP level 9. HP: 49/69 MP: 7/9
  6930 | D:7      | theanonym: Ты перчатки не надел?
  6940 | D:7      | theanonym: На тайле когдтей не видно
  6951 | D:7      | Goblin1989: у меня их нетъ
  6951 | D:7      | Goblin1989: смотри, в оружии написано клавс
  6951 | D:7      | Goblin1989: если были бы одеты, было бы напсано другое
  7079 | D:8      | Noticed Prince Ribbit
  7488 | D:8      | Found Jiur's General Store.
  7583 | D:8      | Noticed Maurice
  7698 | D:8      | Found Vibis's General Store.
  7705 | D:8      | Got a polished helmet
  7737 | D:7      | Identified the cursed -2 helmet of Duck's Teeth {Slay+5} (You found it on level 8 of the Dungeon)
  7737 | D:7      | Goblin1989: ну ок, пусть у меня будет +5 слая
  7784 | D:8      | Found Coba's Antique Armour Shoppe.
  7791 | D:8      | Bought a smoking ring mail for 243 gold pieces
  7801 | D:8      | Identified the +5 ring mail of Gehenna {*Contam Str+6 Int+8} (You bought it in a shop on level 8 of the Dungeon)
  7806 | D:8      | Found Avamoq's Weapon Boutique.
  7958 | D:4      | Killed a giant frog
  8222 | D:4      | Killed Grinder
  8222 | D:4      | Reached skill level 11 in Unarmed Combat
  8593 | D:9      | Noticed Grum
  8600 | D:9      | Killed Grum
  8600 | D:9      | Gained mutation: You are partially covered in thin metallic scales (AC +2). [demonic ancestry]
  8600 | D:9      | Reached XP level 10. HP: 71/77 MP: 8/10
  8710 | D:9      | Found a bloodstained altar of Trog.
  8710 | D:9      | Found a sparkling altar of Nemelex Xobeh.
  9285 | D:10     | Entered Level 10 of the Dungeon
  9334 | D:10     | Noticed a hill giant
  9391 | D:10     | theanonym: А thunk-то 0.22 теперь
  9394 | D:10     | Goblin1989: ну да
  9404 | D:10     | Killed a hill giant
  9429 | D:10     | Found a flagged portal.
  9558 | Bailey   | Entered a bailey
  9794 | Bailey   | Found a burning altar of Makhleb.
 10019 | D:10     | Noticed Snorg
 10206 | D:10     | Reached skill level 12 in Unarmed Combat
 10319 | D:10     | Found Reij's Antique Weapon Boutique.
 10407 | D:10     | Found a staircase to the Lair.
 10490 | D:8      | Killed Prince Ribbit
 10499 | D:8      | Bought a scroll of identify for 24 gold pieces
 10499 | D:8      | Bought a scroll of identify for 24 gold pieces
 10533 | D:8      | Killed Maurice
 10533 | D:8      | Reached skill level 5 in Shields
 10533 | D:8      | Reached XP level 11. HP: 78/84 MP: 8/11
 10558 | D:8      | Bought a scroll of identify for 26 gold pieces
 10558 | D:8      | Bought a scroll of identify for 26 gold pieces
 10558 | D:8      | Bought a scroll of holy word for 97 gold pieces
 10588 | D:8      | Bought a faintly glowing plate armour for 756 gold pieces
 10588 | D:8      | Identified the +7 plate armour "Egae" {rN+ MR- Stlth+} (You bought it in a shop on level 8 of the Dungeon)
 10953 | D:5      | Bought a wand of teleportation (3) for 231 gold pieces
 10953 | D:5      | Bought a wand of disintegration (5) for 99 gold pieces
 11188 | Lair:1   | Entered Level 1 of the Lair of Beasts
 11227 | Lair:1   | Reached skill level 5 in Dodging
 13496 | Lair:3   | Noticed Rupert
 13661 | Lair:3   | Reached skill level 13 in Unarmed Combat
 13691 | Lair:3   | Found a hole to the Spider Nest.
 13812 | Lair:4   | Found a labyrinth entrance.
 13820 | Lair:4   | theanonym: !lg * cv=0.21
 13820 | Lair:4   | beem: No games for * (cv=0.21).
 13831 | Lair:4   | theanonym: !lg * cv=0.22
 13831 | Lair:4   | beem: No games for * (cv=0.22).
 13831 | Lair:4   | theanonym: !lg * cv=0.20
 13832 | Lab      | Entered a labyrinth
 13833 | Lab      | beem: 377711. PeterLawrence the Fighter (L10 MiFi of Okawaru), slain by a soldier ant on D:8 (hangedman_pestilent_swarm) on 2018-01-05 10:57:43, with 6930 points after 8004 turns and 0:21:24.
 13833 | Lab      | Goblin1989: это ты чего у него спрашиваешь?
 13921 | Lab      | theanonym: Говорит что не было игр на 0.21
 13971 | Lab      | Goblin1989: гонит
 13971 | Lab      | Goblin1989: я сам спектил их
 14494 | Lab      | Noticed a minotaur
 14502 | Lab      | Killed a minotaur
 14507 | Lab      | Got a steaming shortbow
 14517 | Lab      | Identified the +10 shortbow "Galenuel" {venom, Dex+4} (You found it in a labyrinth)
 14656 | Lair:4   | Noticed WereVolvo's ghost (journeyman HEAE)
 14658 | Lair:4   | Noticed a ball lightning
 14658 | Lair:4   | Noticed a ball lightning
 14658 | Lair:4   | Noticed a ball lightning
 14658 | Lair:4   | Killed a ball lightning
 14661 | Lair:4   | Noticed a ball lightning
 14661 | Lair:4   | Noticed a ball lightning
 14661 | Lair:4   | Noticed a ball lightning
 14661 | Lair:4   | Noticed a ball lightning
 14661 | Lair:4   | Killed a ball lightning
 14661 | Lair:4   | Killed a ball lightning
 14661 | Lair:4   | Killed a ball lightning
 14661 | Lair:4   | Killed WereVolvo's ghost
 14662 | Lair:4   | Killed a ball lightning
 14665 | Lair:4   | Killed a ball lightning
 14666 | Lair:4   | Killed a ball lightning
 14676 | Lair:4   | Reached XP level 12. HP: 16/94 MP: 7/12
 15469 | Lair:4   | Noticed WereVolvo's ghost (journeyman HOFi)
 15532 | Lair:4   | HP: 1/94 [WereVolvo's ghost (14)]
 15606 | Lair:4   | Reached skill level 5 in Armour
 16709 | Lair:5   | Found a staircase to the Shoals.
 16772 | Lair:5   | Got a sheer robe
 16915 | Lair:5   | theanonym: Когти 3 так и не выросли
 17090 | Lair:5   | theanonym: !lgt allofthem s=name
 17090 | Lair:5   | beem: 3 games for allofthem (start>=20180105): oplop, theanonym, WhatIsLove
 17090 | Lair:5   | Goblin1989: и не надо пока
 17090 | Lair:5   | Goblin1989: я вот думаю
 17090 | Lair:5   | Goblin1989: стоит ли проходить с этой броней или менять на тяжелую
 17090 | Lair:5   | theanonym: 21 силы на плейт хватит
 17090 | Lair:5   | Goblin1989: если меня хоть один раз застянят с этой это удет смерть однозначно
 17090 | Lair:5   | Goblin1989: http://crawl.xtahua.com/crawl/morgue/Goblin1989/morgue-Goblin1989-20160428-083638.txt
 17090 | Lair:5   | Goblin1989: вот тут было 26 а я в рингмэйле ходил
 17090 | Lair:5   | Goblin1989: хотя сталкерам пофиг
 17090 | Lair:5   | Oozefury: хай сталкеры
 17090 | Lair:5   | Goblin1989: они всякое говно вытерпят
 17090 | Lair:5   | Goblin1989: приветы
 17090 | Lair:5   | Identified the cursed +1 robe "Kavun" {rCorr Str+2} (You took it off a centaur on level 5 of the Lair of Beasts)
 17296 | Lair:6   | Reached skill level 14 in Unarmed Combat
 17328 | Lair:6   | Reached XP level 13. HP: 49/102 MP: 7/13
 17991 | Lair:6   | Found a staircase to the Slime Pits.
 17992 | Lair:6   | Found a viscous altar of Jiyva.
 18120 | Lair:6   | Reached skill level 10 in Fighting
 18128 | Lair:6   | Noticed an eight-headed hydra
 18253 | Lair:6   | Killed an eight-headed hydra
 18503 | Lair:7   | Goblin1989: ладно, домой пора идти. всем удачи
 18565 | Lair:6   | Goblin1989: !lg .
 18565 | Lair:6   | beem: 2264. Goblin1989 the Blocker (L12 GnFi of Gozag), slain by a polar bear in IceCv (ice_cave_caverns_01) on 2018-01-05 05:11:23, with 16116 points after 13431 turns and 0:41:38.
 18867 | D:11     | Found Ruattil's Magic Scroll Shoppe.
 18871 | D:11     | Bought a scroll of recharging for 161 gold pieces
 18871 | D:11     | Bought a scroll of identify for 34 gold pieces
 18871 | D:11     | Bought a scroll of identify for 34 gold pieces
 18871 | D:11     | Bought a scroll of identify for 34 gold pieces
 19055 | D:11     | Found Nera's Antique Armour Shoppe.
 19062 | D:11     | Bought a heavily runed cloak for 218 gold pieces
 19072 | D:11     | Identified the +1 cloak of Purpose {rC- Regen+ Str+2 SInv} (You bought it in a shop on level 11 of the Dungeon)
 19082 | D:11     | Bought a shadowed robe for 131 gold pieces
 19082 | D:11     | Identified the +1 robe of Gallantry {Dex+4} (You bought it in a shop on level 11 of the Dungeon)
 19120 | D:11     | Found a staircase to the Orcish Mines.
 19265 | D:11     | Found Riuhoen's Magic Scroll Boutique.
 19273 | D:11     | Bought 3 scrolls of blinking for 382 gold pieces
 19666 | D:12     | Found Anisoa's Weapon Emporium.
 19889 | D:12     | Reached skill level 10 in Dodging
 20030 | D:12     | Noticed Kirke
 20041 | D:12     | Killed Kirke
 20172 | D:12     | Noticed Josephine
 20182 | D:12     | Killed Josephine
 20598 | D:12     | You fall through a shaft for 2 floors!
 20982 | Orc:1    | Entered Level 1 of the Orcish Mines
 21014 | Orc:1    | Reached XP level 14. HP: 100/111 MP: 9/14
 21019 | Orc:1    | Reached skill level 15 in Unarmed Combat
 21325 | Orc:1    | Found a roughly hewn altar of Beogh.
 21327 | Orc:1    | Noticed Fannar
 21428 | Orc:1    | Killed Fannar
 22258 | Orc:3    | Noticed Nergalle
 22288 | Orc:3    | Killed Nergalle
 22507 | Orc:3    | Found Uqon's Gadget Emporium.
 23184 | Orc:4    | Entered Level 4 of the Orcish Mines
 23245 | Orc:4    | Found a staircase to the Elven Halls.
 23686 | Orc:4    | Noticed an orc warlord
 23815 | Orc:4    | Killed an orc warlord
 23868 | Orc:4    | Found a roughly hewn altar of Beogh.
 24005 | Orc:4    | Found Deetseb's Antique Weapon Shoppe.
 24006 | Orc:4    | Found a roughly hewn altar of Beogh.
 24007 | Orc:4    | Found Xatextul's Antique Armour Emporium.
 24014 | Orc:4    | Bought a faintly glowing greatsling for 540 gold pieces
 24014 | Orc:4    | Identified the +6 greatsling of the Ancient Ghosts {speed, -Tele rElec Str+2 Int+5} (You bought it in a shop on level 4 of the Orcish Mines)
 24022 | Orc:4    | Bought a crude scale mail for 315 gold pieces
 24022 | Orc:4    | Bought a faintly humming scale mail for 315 gold pieces
 24030 | Orc:4    | Identified the cursed +0 scale mail of Greater Demons {Int+3} (You bought it in a shop on level 4 of the Orcish Mines)
 24031 | Orc:4    | Identified the +2 scale mail of Okia {rElec rF+ Dex-2} (You bought it in a shop on level 4 of the Orcish Mines)
 24074 | Orc:4    | Found a roughly hewn altar of Beogh.
 24085 | Orc:4    | Found Requbilo's Distillery.
 24102 | Orc:4    | Bought a potion of resistance for 130 gold pieces
 24102 | Orc:4    | Bought a potion of beneficial mutation for 455 gold pieces
 24102 | Orc:4    | Bought a potion of might for 52 gold pieces
 24102 | Orc:4    | Bought a potion of might for 52 gold pieces
 24127 | Orc:4    | Found a roughly hewn altar of Beogh.
 24342 | Orc:4    | Found a roughly hewn altar of Beogh.
 24539 | Orc:4    | Found a roughly hewn altar of Beogh.
 24539 | Orc:4    | Found Axte's Assorted Antiques.
 24547 | Orc:4    | Bought a pair of glowing boots for 112 gold pieces
 24560 | Orc:4    | Bought a gilded ring for 125 gold pieces
 24560 | Orc:4    | Bought an iron wand for 100 gold pieces
 25327 | D:13     | Found a gate to the Vaults.
 25837 | D:14     | Reached skill level 1 in Slings
 26282 | D:14     | Reached skill level 10 in Shields
 26552 | D:15     | Entered Level 15 of the Dungeon
 26688 | D:15     | Found Vewag's Book Boutique.
 26698 | D:15     | Bought a book of the Earth for 975 gold pieces
 26705 | D:15     | Learned a level 6 spell: Statue Form
 26874 | D:14     | Reached XP level 15. HP: 111/118 MP: 13/15
 26960 | D:14     | Noticed Nessos
 27012 | D:15     | Reached skill level 1 in Transmutations
 27023 | D:15     | Reached skill level 1 in Earth Magic
 27396 | D:15     | Reached skill level 1 in Spellcasting
 28223 | D:15     | Found a staircase to the Depths.
 28919 | Lair:3   | Killed Rupert
 29263 | Spider:1 | Entered Level 1 of the Spider Nest
 29667 | Spider:1 | Noticed Frances
 29685 | Spider:1 | Killed Frances
 30109 | Spider:2 | Noticed Norris
 30139 | Spider:2 | Killed Norris
 31314 | Spider:3 | Learned a level 3 spell: Regeneration
 31765 | Spider:3 | Reached skill level 1 in Necromancy
 31891 | Spider:3 | Reached skill level 1 in Charms
 31905 | Spider:3 | Reached XP level 16. HP: 101/127 MP: 13/20
 32293 | Spider:4 | Entered Level 4 of the Spider Nest
 32391 | Spider:4 | Got an ichor-stained whip
 33011 | Spider:4 | Reached skill level 5 in Earth Magic
 33583 | Spider:4 | Reached skill level 16 in Unarmed Combat
 33654 | Spider:4 | Reached skill level 5 in Transmutations
 34149 | Spider:4 | Got a gossamer rune of Zot
 34680 | Spider:4 | Noticed Arachne
 34700 | Spider:4 | Killed Arachne
 35509 | Vaults:1 | Entered Level 1 of the Vaults
 35858 | Vaults:1 | Noticed Asterion
 35893 | Vaults:1 | Killed Asterion
 36705 | Vaults:1 | Gained mutation: You are mostly covered in thin metallic scales (AC +3). [demonic ancestry]
 36705 | Vaults:1 | Reached XP level 17. HP: 131/134 MP: 23/23
 38323 | Vaults:2 | Found Bimuhon's Jewellery Shoppe.
 38330 | Vaults:2 | Bought a ring of see invisible for 195 gold pieces
 38967 | Vaults:2 | Reached skill level 5 in Spellcasting
 39561 | Vaults:2 | Found Uten's Assorted Antiques.
 39575 | Vaults:2 | Bought a potion of heal wounds for 190 gold pieces
 39575 | Vaults:2 | Bought a potion of might for 152 gold pieces
 39575 | Vaults:2 | Bought a scroll of identify for 76 gold pieces
 39575 | Vaults:2 | Bought a scroll of identify for 76 gold pieces
 40134 | Vaults:2 | Found a staircase to the Crypt.
 40222 | Vaults:2 | Found Zybakhluif's Gadget Boutique.
 40306 | Vaults:2 | Gained mutation: You regenerate health from kills. [demonic ancestry]
 40306 | Vaults:2 | Reached XP level 18. HP: 142/142 MP: 26/26
 40760 | Vaults:3 | Found Jiwnazuy's Antique Armour Emporium.
 41089 | Vaults:3 | Noticed Frederick
 41117 | Vaults:3 | Killed Frederick
 41223 | Vaults:3 | Noticed Mara
 41232 | Vaults:3 | Noticed Goblin1989's illusion
 41974 | Vaults:3 | Gained mutation: Your magical capacity is low (-10% MP). [a shining eye]
 42708 | Vaults:4 | Got a warped leather armour
 42709 | Vaults:4 | Identified the cursed +1 leather armour "Pejaeb" {Str+5} (You found it on level 4 of the Vaults)
 43089 | Vaults:4 | Noticed Sojobo
 43095 | Vaults:4 | HP: 1/143 [tengu reaver/bolt of magma[Sojobo] (39)]
 43448 | Vaults:4 | Found a portal to a secret trove of treasure.
 43505 | Vaults:4 | Noticed WereVolvo's ghost (adept DEIE)
 43518 | Vaults:4 | Killed WereVolvo's ghost
 43609 | Vaults:4 | Noticed Wiglaf
 43622 | Vaults:4 | Killed Wiglaf
 43658 | Vaults:4 | Noticed Saint Roka
 43812 | Vaults:3 | Bought a distressingly furry cloak for 418 gold pieces
 43812 | Vaults:3 | Bought an encrusted helmet for 418 gold pieces
 43812 | Vaults:3 | Identified the +2 cloak of the Harp {rCorr Str-4 Int+5} (You bought it in a shop on level 3 of the Vaults)
 43815 | Vaults:3 | Identified the +0 helmet of Dithmenos's Esteem {MR+} (You bought it in a shop on level 3 of the Vaults)
 43842 | Vaults:3 | Bought a pair of glowing boots for 198 gold pieces
 43868 | Vaults:3 | Gained mutation: You are completely covered in thin metallic scales (AC +4, rElec). [demonic ancestry]
 43868 | Vaults:3 | Reached XP level 19. HP: 149/149 MP: 26/26
 44110 | Vaults:4 | Reached skill level 10 in Earth Magic
 44126 | Vaults:4 | Killed Sojobo
 44343 | Vaults:4 | Bought a scroll of recharging for 199 gold pieces
 44343 | Vaults:4 | Bought a scroll of recharging for 199 gold pieces
 44343 | Vaults:4 | Bought a scroll of recharging for 199 gold pieces
 44343 | Vaults:4 | Bought a scroll of identify for 42 gold pieces
 44343 | Vaults:4 | Bought a scroll of teleportation for 63 gold pieces
 44343 | Vaults:4 | Bought a scroll of teleportation for 63 gold pieces
 44343 | Vaults:4 | Bought a scroll of identify for 42 gold pieces
 44343 | Vaults:4 | Bought a scroll of fear for 73 gold pieces
 44399 | Vaults:4 | Mangled by a stone giant

Action                   |  1- 3 |  4- 6 |  7- 9 | 10-12 | 13-15 | 16-18 | 19-21 || total
-------------------------+-------+-------+-------+-------+-------+-------+-------++-------
Melee: Unarmed           |   139 |   301 |   414 |   795 |  1909 |  1989 |    93 ||  5640
       Dagger            |       |       |    41 |     8 |       |       |       ||    49
Throw: Javelin           |       |     7 |    18 |       |       |       |       ||    25
       Tomahawk          |       |       |       |     1 |     4 |       |       ||     5
 Cast: Statue Form       |       |       |       |       |       |     4 |     2 ||     6
Invok: Potion Petition   |       |       |     1 |     1 |     1 |       |     1 ||     4
       Call Merchant     |       |       |       |       |       |     1 |     2 ||     3
 Abil: Breathe Fire      |       |       |       |       |     1 |       |       ||     1
Evoke: Wand              |       |       |       |    13 |    24 |     4 |       ||    41
       Box of beasts     |       |       |       |     1 |     1 |     2 |       ||     4
  Use: Potion            |       |     4 |     1 |     3 |     8 |    14 |       ||    30
       Scroll            |       |     5 |     5 |    30 |    14 |    15 |       ||    69
 Stab: Sleeping          |     1 |     1 |     2 |     1 |     4 |     8 |       ||    17
       Invisible         |       |       |     8 |     3 |       |       |       ||    11
       Distracted        |       |       |       |    11 |    33 |    21 |       ||    65
  Eat: Chunk             |       |     6 |     3 |       |       |       |       ||     9
       Royal jelly       |       |     1 |       |     2 |     6 |       |       ||     9
       Beef jerky        |       |       |     2 |     2 |     3 |       |       ||     7
       Bread ration      |       |       |     3 |     4 |     7 |     3 |       ||    17
       Pizza             |       |       |     1 |     1 |       |     1 |       ||     3
       Fruit             |       |       |       |       |     6 |       |       ||     6
       Meat ration       |       |       |       |       |       |     5 |     2 ||     7

Vault maps used:
D:1:      shiori_arrival_oz, st_stairs_6
D:2:      gammafunk_temple_overflow_claw
D:3:      first_bread
D:4:      uniq_grinder
D:5:      fedhas_altar_2, minmay_temple_entry_overgrown, gup_sewer_entry_pipe,
          serial_shops, shop, minmay_fountain_box
D:6:      minitemple, yredelemnul_forgotten_temple_becter
D:7:      kennysheep_generic_room_14, uniq_pikel
D:8:      serial_shops, shop_fountains, shop, kennysheep_little_box, shop,
          uniq_prince_ribbit1, uniq_maurice
D:9:      gammafunk_temple_overflow_elements, uniq_grum
D:10:     david_lair_shrubbed, serial_shops, nicolae_shop_stone, enter_bailey_8,
          uniq_snorg
D:11:     erik_orc_3, serial_shops, nicolae_shop_stone, shop, shop_statue
D:12:     serial_shops, shop, hangedman_fish_farm, uniq_josephine, uniq_kirke
D:13:     hangedman_screamer, david_vaults_2, fountainhead
D:14:     minivault_24, uniq_nessos
D:15:     grunt_enter_depths_hoard, minmay_misc_feat_enclosed, serial_shops,
          shop
Temple:   hc_temple_tempest_star_small
Lair:3:   dummy_spider_entry, special_room, uniq_rupert
Lair:4:   lab_entry_generic, guppyfry_lair_drakes
Lair:5:   minmay_shoals_entry_centaurs
Lair:6:   mu_elephants_graveyard, slime_altar_1, serial_bayou_shore_b
Lair:7:   infiniplex_staircase_pool
Spider:1: uniq_frances
Spider:2: uniq_norris
Spider:3: nicolae_spider_mines_3
Spider:4: guppyfry_spider_rune, special_room, nicolae_crawler_farm, uniq_arachne
Orc:1:    mines2_david, uniq_fannar
Orc:3:    serial_shops, shop, nicolae_orc_pool_cavern, uniq_nergalle
Orc:4:    grunt_orc_community_town_hall, grunt_orc_community_big_house_1,
          grunt_orc_community_big_house_2, grunt_orc_community_house_1,
          grunt_orc_community_house_3, grunt_orc_community_house_3,
          grunt_orc_community_house_2
Vaults:1: hangedman_vaults_pinch, vaults_mumra_chevron, v_misc_18, v_rooms_4,
          v_misc_12, v_misc_1, nicolae_vaults_big_ls, uniq_asterion
Vaults:2: hangedman_vaults_slither, v_alt_pattern_5, hangedman_vaults_unwind,
          nicolae_vaults_little_squares_4, nicolae_vaults_ninety_degrees,
          hangedman_vaults_stretched_pinwheel,
          minmay_crypt_entry_skeletal_spiral, vaults_room_door_hall, v_misc_12,
          vaults_dpeg_hooks, vaults_room_large_hall,
          nicolae_vaults_ring_of_whatevers, ontoclasm_vaults_fault,
          nicolae_vaults_statue_guard, serial_shops, shop, shop,
          nicolae_shop_trees
Vaults:3: hangedman_vaults_cutoff, dpeg_vaults_waves,
          grunt_vaults_hallway_short, nicolae_vaults_windows_and_doors_thing,
          v_misc_26, nicolae_vaults_little_squares_2, nicolae_vaults_what_the_h,
          v_pattern_2, grunt_vaults_hallway_short, grunt_vaults_swirl,
          nicolae_vaults_little_squares_2, vaults_room_pools, v_alt_pattern_1,
          vaults_dpeg_encased_lava, vaults_room_pool, serial_shops, shop,
          uniq_frederick, uniq_mara
Vaults:4: ontoclasm_vaults_water_temple, ontoclasm_vaults_idyll,
          nicolae_vaults_mini_display_case, dpeg_vaults_monster_box,
          enter_trove_6, uniq_wiglaf, uniq_sojobo, uniq_saint_roka
Sewer:    sewer_minmay_w
Bailey:   bailey_axe_3, bailey
